 Dungeon Crawl Stone Soup version 0.31-a0-700-gf13585253f (webtiles) character file.

Game seed: 1484030396793137629

190 qw the Shooter (level 5, -1/32 HPs)
             Began as a Gargoyle Hunter on Sept 7, 2023.
             Slain by a black bear (3 damage)
             ... on level 6 of the Dungeon.
             The game lasted 00:00:49 (2502 turns).

qw the Shooter (Gargoyle Hunter)                    Turns: 2502, Time: 00:00:50

Health: -1/32      AC: 14    Str: 14    XL:     5   Next: 69%
Magic:  5/5        EV: 10    Int: 10    God:
Gold:   168        SH:  0    Dex: 15    Spells: 4/4 levels left

rFire   . . .        Y - +1 shortbow
rCold   . . .        (shield currently unavailable)
rNeg    + . .        f - +0 ring mail
rPois   inf          (no helmet)
rElec   +            (no cloak)
rCorr   .            (no gloves)
SInv    .            i - +0 pair of boots
Will    .....        (no amulet) Stlth
                     d - +4 ring of protection
HPRegen 0.25/turn    (no ring)
MPRegen 0.09/turn

%: no passive effects
@: confused
A: sickness immunity, AC +4, negative energy resistance 1, electricity
resistance, torment resistance 1, petrification resistance
a: no special abilities


You were on level 6 of the Dungeon.
You visited 1 branch of the dungeon, and saw 4 of its levels.

You collected 168 gold pieces.


Innate Abilities, Weirdness & Mutations

You are immune to sickness and miasma.
Your stone body is resilient. (AC +4)
You are immune to poison.
You resist negative energy. (rN+)
You are resistant to electric shocks. (rElec)
You are resistant to unholy torment.
You are immune to petrification.


   Skills:
 + Level 3.2 Fighting
 - Level 6.2 Ranged Weapons
 - Level 1.2 Armour
 - Level 1.5 Dodging
 - Level 1.1 Stealth


You had 4 spell levels left.
You didn't know any spells.
Your spell library was empty.

Inventory:

Hand Weapons
 Y - a +1 shortbow (weapon)
Armour
 f - a +0 ring mail (worn)
 i - a +0 pair of boots (worn)
Jewellery
 d - a +4 ring of protection (left hand)
 k - a ring of resist corrosion
Scrolls
 a - 3 scrolls of identify
 m - a scroll of torment {unknown}
Potions
 b - a potion of cancellation {unknown}
 c - a potion of enlightenment {unknown}
 e - a potion of berserk rage {unknown}
 g - a potion of curing {unknown}
 h - a potion of lignification {unknown}
 j - a potion of haste {unknown}
 l - a potion of resistance {unknown}

Dungeon Overview and Level Annotations

Branches:
Dungeon (3/15)

Altars:


Message History

A magic dart appears from out of thin air!
The magic dart hits you!
A black bear comes into view.
The black bear growls angrily.
You hear a shout!
Something hits you but does no damage.
You shoot an arrow.
You hear some strange, mumbled words.
You are more confused.
Something hits you. Something hits you but does no damage.
Something hits you but does no damage. x2
Something hits you but does no damage. x3
Something hits you. x2
Something hits you but does no damage. Something hits you.
Something hits you but does no damage.
You hear some strange, mumbled words.
Something tries to affect you, but you resist.
The black bear misses you.
The black bear claws you but does no damage.
The black bear misses you.
The black bear bites you but does no damage.
The black bear claws you.
The black bear claws you but does no damage.
You feel less confused. Something hits you but does no damage.
The black bear completely misses you.
The black bear claws you but does no damage.
The black bear claws you.
Something hits you but does no damage. x2
You shoot an arrow. The arrow barely misses the black bear.
You hear some strange, mumbled words.
A magic dart appears from out of thin air!
The magic dart hits you. The black bear bites you. The black bear claws you.
The black bear barely misses you. Something hits you but does no damage.
You shoot an arrow.
The arrow hits the black bear but does no damage.
Something hits you but does no damage. The black bear closely misses you.
The black bear claws you but does no damage. x2
You hear some strange, mumbled words.
You are confused.
Something hits you but does no damage. The black bear barely misses you.
The black bear claws you.
You die...

.. ##### #)####.#.##
.........#####
###........##.##
#...........#..#### #
#.$...............#..##
....#.{{....#.........#
#..h@..###..........#
##!#...##...........# #
#...##.......#####
##............#
.............#
.....#........#
.....#.)#...... ..#...
.#


You could see a black bear.

Vanquished Creatures
  An orc priest (D:3)
  5 gnolls
  4 adders
  A worm (D:3)
  A dart slug (D:3)
  7 orcs
  6 ball pythons
  9 bats
  3 endoplasms
  3 goblins
  3 hobgoblins
  4 jackals (D:1)
  7 kobolds
  3 quokkas
  5 frilled lizards
  5 rats
67 creatures vanquished.

Notes
Turn   | Place    | Note
-------+----------+-------------------------------------------
     0 | D:1      | qw the Gargoyle Hunter began the quest for the Orb.
     0 | D:1      | Reached XP level 1. HP: 12/12 MP: 1/1
     0 | D:1      | 0 ||| qw: Version: 0.3-a-76-g4403597
     0 | D:1      | 0 ||| qw: Game counter: 432
     0 | D:1      | 0 ||| qw: Melee chars always use a shield: true
     0 | D:1      | 0 ||| qw: God list: Okawaru
     0 | D:1      | 0 ||| qw: Allow faded altars: false
     0 | D:1      | 0 ||| qw: Do Orc after clearing Dungeon:15 true
     0 | D:1      | 0 ||| qw: Do second Lair branch before Depths: true
     0 | D:1      | 0 ||| qw: Lair rune preference: random
     0 | D:1      | 0 ||| qw: Goals: Normal
     0 | D:1      | 0 ||| PLANNING D:1-11
   297 | D:1      | Reached XP level 2. HP: 14/17 MP: 2/2
   599 | D:1      | Reached XP level 3. HP: 21/21 MP: 3/3
   665 | D:1      | Reached skill level 5 in Ranged Weapons
   944 | D:1      | 944 ||| UPGRADING to +0 pair of boots.
   949 | D:1      | 949 ||| READING 2 scrolls labelled MAMOR BIME.
   950 | D:1      | 950 ||| READING 2 scrolls labelled OGYOSTRAISCH.
   951 | D:1      | 951 ||| READING scroll labelled ESUNIAX TIVUODD.
   952 | D:1      | 952 ||| READING scroll labelled ZALYPI WISOMM.
   953 | D:1      | 953 ||| DROPPING scroll of butterflies.
   954 | D:1      | 954 ||| DROPPING scroll of amnesia.
  1135 | D:2      | Reached skill level 3 in Fighting
  1191 | D:2      | Reached XP level 4. HP: 28/28 MP: 4/4
  1491 | D:2      | 1491 ||| UPGRADING to +0 ring mail.
  1501 | D:2      | 1501 ||| DROPPING +0 leather armour.
  1502 | D:2      | 1502 ||| UPGRADING to +4 ring of protection.
  1503 | D:2      | 1503 ||| READING scroll labelled HUROUH JIANA.
  1773 | D:3      | 1773 ||| RETREATING.
  1777 | D:3      | 1777 ||| RETREATING.
  1788 | D:3      | Reached skill level 1 in Armour
  2046 | D:3      | Reached XP level 5. HP: 31/32 MP: 5/5
  2188 | D:3      | Reached skill level 6 in Ranged Weapons
  2463 | D:3      | You fall into a shaft and drop 3 floors!
  2489 | D:6      | Noticed a black bear
  2500 | D:6      | HP: 7/32 [something/magic dart (4)]
  2500 | D:6      | HP: 3/32 [black bear (4)]
  2500 | D:6      | HP: 1/32 [black bear (2)]
  2502 | D:6      | Slain by a black bear

Levels and vault maps discovered:
D:1:      sevenhm_arrival_forest_fort_large_2, layout_loops_corners
D:2:      layout_loops_cross, minmay_close_crescents
D:3:      layout_loops_corners, minmay_fractal_squares_diagonal_5
D:6:      layout_cave_pools, lemuel_crystal_altar, uniq_pikel

Skill      XL: |  1  2  3  4  5 |
---------------+----------------+-----
Ranged Weapons | 5 6 |  6.2
Fighting       | 3 |  3.2
Armour         | 1 |  1.2
Dodging        | |  1.5
Stealth        | |  1.1

Action                     |  1- 3 |  4- 6 || total
---------------------------+-------+-------++-------
   Fire: Shortbow          |    78 |   108 ||   186
    Use: Scroll            |     4 |     1 ||     5
 Armour: Leather armour    |    26 |       ||    26
         Ring mail         |       |    67 ||    67
  Dodge: Dodged            |    26 |    40 ||    66

Table legend:
 A = Non-vault XP
 B = Vault XP
 C = Vault XP percentage of total XP
 D = Non-vault monster count
 E = Vault monster count
 F = Vault count percentage of total count
                 A         B        C        D         E       F
            +---------+---------+-------+---------+---------+-------
      Total |     245 |      27 |   9.9 |      57 |      10 |  14.9
            +---------+---------+-------+---------+---------+-------
        D:1 |      56 |       0 |   0.0 |      19 |       0 |   0.0
        D:2 |      34 |       8 |  19.0 |      14 |       6 |  30.0
        D:3 |     146 |      19 |  11.5 |      21 |       4 |  16.0
        D:6 |       9 |       0 |   0.0 |       3 |       0 |   0.0
            +---------+---------+-------+---------+---------+-------
